 Dungeon Crawl Stone Soup version 0.31-a0-841-g038b102fc3 (webtiles) character file.

Game seed: 7179644710036212410

11206 kiwi3s the Cleaver (level 11, 0/153 HPs)
             Began as a Minotaur Berserker on Sept 26, 2023.
             Was a High Priest of Trog.
             Shot with an arrow by a centaur (8 damage)
             ... on level 12 of the Dungeon on Sept 27, 2023.
             The game lasted 00:13:48 (11783 turns).

kiwi3s the Cleaver (Minotaur Berserker)            Turns: 11783, Time: 00:13:49

Health: 0/153      AC: 11    Str: 26    XL:     11   Next: 46%
Magic:  10/10      EV: 12    Int:  4    God:    Trog [*****.]
Gold:   613        SH:  0    Dex: 10    Spells: 10/10 levels left

rFire   + . .        i - +2 hand axe (elec)
rCold   + . .        (no shield)
rNeg    . . .        a - +0 chain mail
rPois   +            (helmet restricted)
rElec   +            k - +0 cloak
rCorr   +            (no gloves)
SInv    .            C - +0 pair of boots
Will    .....        (no amulet) Stlth
                     (no ring)
HPRegen 0.45/turn    (no ring)
MPRegen 0.12/turn

%: no passive effects
@: mighty, berserking, resistant, corroded, very quick
A: horns 2, retaliatory headbutt
a: Renounce Religion, Berserk, Trog's Hand, Brothers in Arms


You were on level 12 of the Dungeon.
You worshipped Trog.
Trog was extremely pleased with you.
You visited 1 branch of the dungeon, and saw 12 of its levels.

You collected 893 gold pieces.
You spent 280 gold pieces at shops.

Inventory:

Hand Weapons
 i - a +2 hand axe of electrocution (weapon)
 D - a +2 hand axe of venom
 H - a +2 heavy war axe
Missiles
 F - 5 boomerangs
Armour
 a - a +0 chain mail (worn)
 b - a +0 animal skin
 k - a +0 cloak (worn)
 C - a +0 pair of boots (worn)
Jewellery
 y - an amulet of guardian spirit
Wands
 v - a wand of iceblast (16)
 B - a wand of flame (3)
 G - a wand of polymorph (4)
Scrolls
 c - 2 scrolls of teleportation {unknown}
 e - 10 scrolls of identify
 h - 3 scrolls of revelation
 l - a scroll of enchant armour {unknown}
 n - 2 scrolls of silence {unknown}
 o - a scroll of torment {unknown}
 p - a scroll of poison {unknown}
 q - 2 scrolls of enchant weapon {unknown}
 r - a scroll of summoning {unknown}
 s - a scroll of amnesia {unknown}
 u - a scroll of vulnerability {unknown}
 E - a scroll of noise {unknown}
Potions
 d - 3 potions of curing
 f - 3 potions of heal wounds {unknown}
 g - a potion of mutation {unknown}
 j - 6 potions of haste {unknown}
 m - 2 potions of attraction
 t - 2 potions of ambrosia {unknown}
 w - a potion of brilliance {unknown}
 x - a potion of lignification {unknown}
 A - a potion of might


   Skills:
 + Level 11.5 Fighting
 + Level 11.6 Axes
 + Level 11.2 Armour
 + Level 10.3 Dodging


You had 10 spell levels left.
You didn't know any spells.
Your spell library was empty.

Dungeon Overview and Level Annotations

Branches:
Dungeon (12/15)            Temple (0/1) D:7            Lair (0/5) D:11
    Orc (0/2) D:9

Altars:
Cheibriados
Dithmenos
Elyvilon
Fedhas
Hepliaklqana
Kikubaaqudgha
Qazlal
Ru
Sif Muna
Trog
Uskayaw
Vehumet
Wu Jian
Yredelemnul

Shops:
D:3 *   D:8 !

Annotations:
D:12 Erolcha


Innate Abilities, Weirdness & Mutations

You have a pair of horns on your head.
You reflexively headbutt those who attack you in melee.


Message History

The acid dragon barely misses you.
A centaur comes into view.
The centaur wields a +0 orcbow.
The centaur shoots an arrow.
The arrow hits you but does no damage.
A centaur comes into view.
The acid dragon attacks as it pursues you!
The acid dragon bites you. The acid dragon closely misses you.
Something hits you but does no damage. Something bites you!
Something draws strength from your injuries!
The centaur moves out of view.
The centaur shoots an arrow.
The arrow hits you but does no damage.
A centaur comes into view.
You hear a shout!
A centaur comes into view.
The centaur shouts!
You hear a shout! x2
The centaur wields a +0 orcbow.
The centaur shoots an arrow.
The arrow hits you!
The centaur unwields a +0 orcbow.
The centaur hits you. The centaur barely misses you. Something hits you!!
You feel very mighty all of a sudden.
The centaur shoots an arrow.
The arrow hits you but does no damage. The centaur barely misses you.
The centaur closely misses you. The acid dragon spits acid at you.
The splash of acid hits you. You resist.
* * * LOW HITPOINT WARNING * * *
The centaur shoots an arrow.
The arrow hits you but does no damage.
The centaur hits you but does no damage.
The centaur misses you.
You hear a shout!
You feel better.
The centaur shoots an arrow.
The arrow hits you but does no damage. Something hits you!!
* * * LOW HITPOINT WARNING * * *
The centaur barely misses you. You furiously retaliate!
You headbutt the centaur!
The centaur kicks you but does no damage.
The acid dragon barely misses you. The acid dragon closely misses you.
You hear a shout!
A red film seems to cover your vision as you go berserk!
You feel yourself moving faster!
You feel mighty!
The centaur shoots an arrow.
The arrow hits you!
You die...

##...<##.....≈...
#.....##...######
#....)##...#
.....#....#####
#.###.##...### .
#.⌠ ##....# #.#.
###.#.#
#.#.#.#.#{..# .⌠
# #.⌠@#..#
#c#c#D..# ###c..#
...## ...## c..##
c##. .. .. ## ##


You could see an acid dragon (catching breath) and 3 centaurs.

Vanquished Creatures
  3 two-headed ogres
  A boulder beetle (D:11)
  A cyclops (D:11)
  A manticore (D:11)
  Psyche (D:9)
  A hornet (D:7)
  A troll (D:11)
  12 yaks
  A vampire (D:11)
  A wyvern (D:8)
  2 vampire mosquitoes (D:10)
  An acid dragon (D:10)
  A water moccasin (D:7)
  2 sky beasts
  2 ice beasts
  A black bear (D:6)
  An ogre (D:5)
  6 orc warriors
  The ghost of justen the Changeling, an amateur MfSh (D:4)
  7 centaurs
  2 phantoms (D:5)
  4 kobold brigands
  2 bullfrogs
  4 scorpions
  A water moccasin zombie (D:4)
  6 wights
  A water moccasin skeleton (D:4)
  9 killer bees
  A centaur zombie (D:4)
  3 hounds
  4 jellies
  6 orc priests
  A sleepcap (D:6)
  5 iguanas
  10 orc wizards
  Robin (D:2)
  9 adders
  A white imp (D:7)
  3 ufetubi
  A worm (D:2)
  A dart slug (D:3)
  60 orcs
  8 endoplasms
  2 giant cockroaches (D:4)
  14 goblins
  9 hobgoblins
  4 jackals (D:1)
  2 quokkas
  4 ball pythons
  6 bats
  4 frilled lizards
  25 kobolds
  11 rats
271 creatures vanquished.

Vanquished Creatures (collateral kills)
  The ghost of beavisfan the Martial Artist, a journeyman DsSh of Gozag (D:11)
1 creature vanquished.

Vanquished Creatures (others)
  An orc wizard (D:12)
1 creature vanquished.

Grand Total: 273 creatures vanquished

Notes
Turn   | Place    | Note
-------+----------+-------------------------------------------
     0 | D:1      | kiwi3s the Minotaur Berserker began the quest for the Orb.
     0 | D:1      | Reached XP level 1. HP: 19/19 MP: 0/0
   142 | D:1      | Reached XP level 2. HP: 13/27 MP: 1/1
   921 | D:2      | Noticed Robin
   921 | D:2      | Noticed a scorpion
   923 | D:2      | Reached ** piety under Trog
   925 | D:2      | Reached XP level 3. HP: 31/33 MP: 2/2
   928 | D:2      | Killed Robin
   929 | D:2      | Killed a scorpion
   930 | D:2      | Reached XP level 4. HP: 38/41 MP: 3/3
  1273 | D:2      | Reached XP level 5. HP: 44/47 MP: 4/4
  1797 | D:3      | Found a basalt altar of Yredelemnul.
  1797 | D:3      | Found Wuh Xaex's General Store.
  2139 | D:3      | Reached *** piety under Trog
  2614 | D:4      | Noticed a centaur
  2621 | D:4      | Killed a centaur
  2622 | D:4      | Reached skill level 5 in Fighting
  2622 | D:4      | Reached skill level 5 in Axes
  2716 | D:4      | Reached XP level 6. HP: 56/56 MP: 5/5
  2804 | D:4      | Found a shadowy altar of Dithmenos.
  3037 | D:4      | Found a runed translucent gate.
  3037 | D:4      | Found a runed translucent gate.
  3037 | D:4      | Found a runed translucent gate.
  3042 | D:4      | Noticed justen's ghost (amateur MfSh)
  3556 | D:4      | Killed justen's ghost
  3559 | D:4      | Reached skill level 5 in Armour
  3559 | D:4      | Reached XP level 7. HP: 62/62 MP: 6/6
  3639 | D:5      | Entered Level 5 of the Dungeon
  3735 | D:5      | Reached skill level 5 in Dodging
  4173 | D:5      | Reached XP level 8. HP: 68/71 MP: 7/7
  5158 | D:6      | Found a bloodstained altar of Trog.
  5160 | D:6      | Found a hazy altar of Hepliaklqana.
  5161 | D:6      | Found a snail-covered altar of Cheibriados.
  5161 | D:6      | Found a sacrificial altar of Ru.
  5161 | D:6      | Found an ornate altar of the Wu Jian Council.
  5161 | D:6      | Found a white marble altar of Elyvilon.
  5161 | D:6      | Found a stormy altar of Qazlal.
  5162 | D:6      | Found a shimmering blue altar of Sif Muna.
  5336 | D:6      | Reached **** piety under Trog
  5513 | D:6      | Found a radiant altar of Vehumet.
  5926 | D:7      | Found a blossoming altar of Fedhas.
  5928 | D:7      | Found an ancient bone altar of Kikubaaqudgha.
  5932 | D:7      | Identified the +4 leather armour of the Vacuum {rF++ rN+
                  | rCorr}
  6165 | D:7      | Found a staircase to the Ecumenical Temple.
  6352 | D:7      | Reached XP level 9. HP: 79/81 MP: 8/8
  6931 | D:8      | Found a hide-covered altar of Uskayaw.
  7175 | D:8      | Found Xenn's Distillery.
  7183 | D:8      | Bought a potion of attraction for 42 gold pieces
  7183 | D:8      | Bought a potion of resistance for 140 gold pieces
  7183 | D:8      | Bought a potion of curing for 42 gold pieces
  7183 | D:8      | Bought a potion of might for 56 gold pieces
  7746 | D:9      | Noticed Psyche
  7759 | D:9      | Killed Psyche
  7973 | D:9      | Reached ***** piety under Trog
  8049 | D:9      | Received a gift from Trog
  8467 | D:9      | Noticed a two-headed ogre
  8478 | D:9      | Killed a two-headed ogre
  8479 | D:9      | Reached XP level 10. HP: 76/91 MP: 9/9
  8634 | D:9      | Found a staircase to the Orcish Mines.
  8846 | D:9      | Noticed a two-headed ogre
  8859 | D:9      | Killed a two-headed ogre
  9123 | D:10     | Entered Level 10 of the Dungeon
  9176 | D:10     | Reached skill level 10 in Fighting
  9176 | D:10     | Reached skill level 10 in Axes
  9601 | D:10     | Reached skill level 10 in Armour
 10794 | D:11     | Noticed a manticore
 10810 | D:11     | Killed a manticore
 10811 | D:11     | Reached XP level 11. HP: 71/101 MP: 10/10
 11067 | D:11     | Found a staircase to the Lair.
 11067 | D:11     | Noticed a boulder beetle
 11088 | D:11     | Killed a boulder beetle
 11267 | D:11     | Found a runed translucent door.
 11268 | D:11     | Noticed beavisfan's ghost (journeyman DsSh)
 11294 | D:11     | Reached skill level 10 in Dodging
 11349 | D:11     | Upgraded the game from 0.31-a0-836-g3ceb0a68c4 to
                  | 0.31-a0-841-g038b102fc3
 11597 | D:11     | Killed beavisfan's ghost
 11714 | D:12     | Noticed a two-headed ogre
 11720 | D:12     | Killed a two-headed ogre
 11754 | D:12     | Noticed Erolcha
 11782 | D:12     | HP: 5/102 [something (30)]
 11783 | D:12     | Shot with an arrow by a centaur

Illustrated notes

Levels and vault maps discovered:
D:1:      spicycebolla_green_bress_n_ham_2, layout_loops_ring, st_stairs_3
D:2:      layout_basic, uniq_robin
D:3:      layout_basic, amcnicky_altar_gilded, serial_shops, shop,
          kennysheep_nub, nicolae_titane
D:4:      layout_layer_cave, nicolae_dithmenos_through_a_glass_darkly,
          gammafunk_ghost_necromancy, nicolae_underground_beach
D:5:      layout_layer_cave, hangedman_abyss_or_decor_stabs
D:6:      layout_loops_ring, vehumet_crystals, grunt_temple_overflow_open
D:7:      layout_basic, grunt_temple_overflow_growth_and_decay,
          minmay_temple_entry_steel_oval, minmay_misc_feat_hallway
D:8:      layout_loops_ring, nicolae_uskayaw_suspiria, serial_shops, shop
D:9:      layout_small_grid, hiddenorc2_lemuel, uniq_psyche
D:10:     minmay_klotski, layout_loops_ring, special_room [special_room_orc]
D:11:     layout_roguey, lair_entry_dummy, gammafunk_ghost_grave
D:12:     layout_rooms, gauntlet_entry_generic, grunt_ministairs_13,
          chequers_serial_rivers_small_a, grunt_decor_mini_mirrors,
          uniq_erolcha, uniq_sonja, uniq_rupert

Skill      XL: |  1  2  3  4  5  6  7  8  9 10 11 |
---------------+----------------------------------+-----
Fighting       | 4 5 6 7 9 10 11 | 11.5
Axes           | 4 5 6 7 9 10 11 | 11.6
Armour         | 3 4 5 6 7 9 10 11 | 11.2
Dodging        | 3 4 5 6 8 9 10 | 10.3

Action                     |  1- 3 |  4- 6 |  7- 9 | 10-12 || total
---------------------------+-------+-------+-------+-------++-------
  Melee: Hand axe          |    39 |    88 |   272 |   261 ||   660
         Headbutt          |     2 |    12 |    46 |    49 ||   109
         Punch             |       |     3 |     3 |     5 ||    11
 Invoke: Berserk           |     1 |     1 |       |     4 ||     6
         Brothers in Arms  |       |       |       |     1 ||     1
    Use: Potion            |       |       |       |     4 ||     4
         Scroll            |       |       |       |     1 ||     1
 Armour: Animal skin       |    16 |       |       |       ||    16
         Chain mail        |    11 |    71 |   173 |   194 ||   449
  Dodge: Dodged            |    31 |    41 |   103 |   134 ||   309

Table legend: (Time is in decaauts)
 A = Elapsed time spent in this place.
 B = Non-inter-level travel time spent in this place.
 C = Inter-level travel time spent in this place.
 D = Time resting spent in this place.
 E = Time spent auto-exploring this place.
 F = Levels seen in this place.
 G = Mean time per level.
                   A        B        C        D        E       F      G
               +--------+--------+--------+--------+--------+-----+--------+
         Total |  11752 |  11278 |    474 |   1191 |   8802 |  12 |  979.3 |
       Dungeon |  11752 |  11278 |    474 |   1191 |   8802 |  12 |  979.3 |
               +--------+--------+--------+--------+--------+-----+--------+

Top non-repeatable levels by time:
     D:9: 1444 daAuts
     D:5: 1419 daAuts
    D:10: 1295 daAuts
    D:11: 1268 daAuts
     D:4: 1031 daAuts
     D:8: 989 daAuts
     D:1: 927 daAuts
     D:2: 891 daAuts
     D:7: 854 daAuts
     D:3: 817 daAuts
     D:6: 747 daAuts
    D:12: 64 daAuts
